 Dungeon Crawl Stone Soup version 0.29.1-15-g9cfb28693d (webtiles) character file.

Game seed: 3279780485001054854

1233 Kranky the Chopper (level 8, 0/91 HPs)
             Began as a Gnoll Wanderer on Mar 22, 2023.
             Succumbed to a hornet's poison
             ... on level 5 of the Dungeon.
             The game lasted 00:12:53 (6282 turns).

Kranky the Chopper (Gnoll Wanderer)                 Turns: 6282, Time: 00:12:54

Health: 0/91       AC: 24    Str: 12    XL:     8   Next: 48%
Magic:  14/14      EV:  2    Int: 12    God:
Gold:   219        SH:  0    Dex: 13    Spells: 15/16 levels left

rFire   . . .      SeeInvis .   p - +2 scythe (venom)
rCold   . . .      Faith    .   (shield currently unavailable)
rNeg    . . .      Spirit   .   (body armour currently unavailable)
rPois   +          Reflect  .   (helmet currently unavailable)
rElec   .          Harm     .   (cloak currently unavailable)
rCorr   .          Rampage  .   (gloves currently unavailable)
Will    .....      NoTele   +   (boots currently unavailable)
Stlth   ++........              (no amulet)
HPRegen 0.25/turn               j - ring of poison resistance
MPRegen 0.14/turn               (no ring)

@: lethally poisoned (0 -> -5), tree-form
A: stationary, stasis, torment immunity, boosted hp, (fangs 1), strong nose,
distributed training
a: no special abilities


You were on level 5 of the Dungeon.
You were a tree.
You visited 1 branch of the dungeon, and saw 5 of its levels.

You collected 219 gold pieces.

Inventory:

Hand Weapons
 a - a +3 hand axe
 p - a +2 scythe of venom (weapon)
 u - a +2 dagger of venom
 y - a +1 flail of draining
Missiles
 c - 4 atropa-tipped darts
 B - 15 poisoned darts
Armour
 h - a +0 scale mail (melded)
 v - a +0 cloak (melded)
 E - a +0 pair of boots (melded)
Jewellery
 j - a ring of poison resistance (left branch)
 r - a ring of positive energy
Wands
 C - a wand of flame (18)
Scrolls
 b - 3 scrolls of identify
 d - 2 scrolls of poison {unknown}
 e - a scroll of immolation {unknown}
 f - a scroll of enchant weapon {unknown}
 m - 4 scrolls of magic mapping {unknown}
 n - 2 scrolls of silence {unknown}
 o - a scroll of brand weapon {unknown}
 s - a scroll of butterflies {unknown}
 t - 2 scrolls of noise {unknown}
 z - a scroll of enchant armour {unknown}
 A - a scroll of amnesia {unknown}
 F - a scroll of teleportation {unknown}
Potions
 g - 3 potions of flight
 i - 2 potions of curing {unknown}
 k - a potion of brilliance
 l - a potion of attraction
 q - 2 potions of resistance
 w - a potion of haste {unknown}
 D - a potion of might {unknown}


   Skills:
 + Level 4.3 Fighting
 + Level 3.4 Short Blades
 + Level 3.4 Long Blades
 + Level 7.4 Axes
 + Level 3.4 Maces & Flails
 + Level 3.4 Polearms
 + Level 3.4 Staves
 + Level 3.4 Ranged Weapons
 + Level 3.4 Throwing
 + Level 3.4 Armour
 + Level 5.8 Dodging
 + Level 3.4 Stealth
 + Level 3.4 Shields
 + Level 3.4 Unarmed Combat
 + Level 4.5 Spellcasting
 + Level 2.8 Conjurations
 + Level 2.8 Hexes
 + Level 2.8 Summonings
 + Level 2.8 Necromancy
 + Level 2.8 Translocations
 + Level 2.8 Transmutations
 + Level 2.8 Fire Magic
 + Level 2.8 Ice Magic
 + Level 6.2 Air Magic
 + Level 2.8 Earth Magic
 + Level 2.8 Poison Magic
 + Level 3.8 Invocations
 + Level 3.4 Evocations


You had 15 spell levels left.
You knew the following spells:

 Your Spells              Type           Power      Damage    Failure   Level
a - Shock                 Conj/Air       52%        1d6       3%          1

Your spell library contained the following spells:

 Spells                   Type           Power      Damage    Failure   Level
 Swiftness                Air            17%        N/A       4%          3
 Summon Small Mammal      Summ           36%        N/A       7%          1
 Call Canine Familiar     Summ           9%         N/A       21%         3
 Summon Guardian Golem    Hex/Summ       9%         N/A       21%         3
 Blade Hands              Tmut           4%         N/A       88%         5
 Irradiate                Conj/Tmut      4%         3d13      88%         5
 Dragon Form              Tmut           4%         N/A       100%        7


Dungeon Overview and Level Annotations

Branches:
Dungeon (5/15)
 Temple: D:4-7

Altars:
Cheibriados

Shops:
D:5 (


Innate Abilities, Weirdness & Mutations

You are a tree.
Your roots penetrate the ground, keeping you stationary.
You cannot be teleported.
You are immune to unholy pain and torment.
Your maximum health is greatly increased.
Your equipment is partially melded.
((You have very sharp teeth.))
Your uncanny sense of smell can sniff out nearby items.
Your experience applies equally to all skills.


Message History

No target in view!
F - a scroll labelled DAURGH RYSIOJILE
B - 15 poisoned darts (gained 2)
You now have 219 gold pieces (gained 17).
A hornet comes into view.
The hornet buzzes angrily.
You hear a shout!
You hear a bark!
You reach to attack!
You barely miss the hornet.
A white imp comes into view.
A shadow comes into view.
The hornet stings you but does no damage.
The white imp moves out of view.
You barely miss the shadow. Your bite misses the shadow. The hornet stings you!
The hornet barely misses you. The shadow hits you.
The shadow attacks as you move away! The shadow hits you.
The hornet stings you.
You hit the hornet.
The hornet is poisoned.
Your bite misses the hornet.
The hornet is lightly wounded.
The hornet stings you.
You suddenly lose the ability to move!
The hornet stings you.
You are poisoned.
You feel very sick. The hornet stings you!
* * * LOW HITPOINT WARNING * * *
You feel sick. The hornet stings you!
* * * LOW HITPOINT WARNING * * *
The shadow hits you.
* * * LOW HITPOINT WARNING * * *
The hornet stings you but does no damage.
You can move again.
Really quaff the potion of lignification?
You turn into a tree.
Your +0 cloak melds into your body.
Your +0 pair of boots melds into your body.
Your +0 scale mail melds into your body.
Your roots penetrate the ground.
* * * LOW HITPOINT WARNING * * *
You feel sick.
The hornet stings you but does no damage.
The shadow hits you.
You hit the hornet but do no damage.
The hornet is heavily wounded.
You die...

####### ##### #.....# ....#
#.###.# ....# #..#..# ....#
##..#.### ....#
##...#...############# ....#
###....#.......#.......# ....#
#.....#.#......#.......# ....#
#.#..##♣##.....#.......'
....######.#.##W#y##..###.......#
....>........###..##..# ####.....
..............#..##...# #.....
.............##.# ##..# #.....
.............### ##..# #..)..
....########..# #...# #...))
##### .....#.## ##..# #..... ∆
......# ##.#######.....


You could see a hornet (very poisoned) and a shadow.

Vanquished Creatures
  Sigmund (D:3)
  An ogre (D:5)
  3 phantoms
  Blork the orc (D:5)
  2 necrophages (D:5)
  2 scorpions
  Crazy Yiuf (D:3)
  A gnoll bouda (D:5)
  An orc priest (D:4)
  A hound (D:5)
  A jelly (D:5)
  5 orc wizards
  4 gnolls (D:5)
  5 adders
  A shadow imp (D:5)
  A white imp (D:4)
  2 worms (D:3)
  17 orcs
  5 endoplasms
  4 giant cockroaches
  10 goblins
  6 hobgoblins
  2 jackals (D:4)
  6 quokkas
  2 ball pythons
  2 bats (D:1)
  5 frilled lizards
  7 kobolds
  3 rats
102 creatures vanquished.

Notes
Turn   | Place    | Note
-------+----------+-------------------------------------------
     0 | D:1      | Kranky the Gnoll Wanderer began the quest for the Orb.
     0 | D:1      | Kranky set off with the following items: a +3 hand axe, a
                  | scroll of vulnerability, a +0 robe; and the following spell
                  | memorised: Shock; and the following spells available to
                  | memorise: Swiftness.
     0 | D:1      | Reached XP level 1. HP: 17/17 MP: 4/4
   187 | D:1      | Reached XP level 2. HP: 22/23 MP: 5/5
   997 | D:2      | Reached XP level 3. HP: 21/28 MP: 7/7
  1022 | D:2      | Reached skill level 1 in Invocations
  1663 | D:3      | Reached skill level 1 in Short Blades
  1663 | D:3      | Reached skill level 1 in Long Blades
  1663 | D:3      | Reached skill level 1 in Maces & Flails
  1663 | D:3      | Reached skill level 1 in Polearms
  1663 | D:3      | Reached skill level 1 in Staves
  1663 | D:3      | Reached skill level 1 in Ranged Weapons
  1663 | D:3      | Reached skill level 1 in Throwing
  1663 | D:3      | Reached skill level 1 in Armour
  1663 | D:3      | Reached skill level 1 in Stealth
  1663 | D:3      | Reached skill level 1 in Shields
  1663 | D:3      | Reached skill level 1 in Unarmed Combat
  1663 | D:3      | Reached skill level 1 in Evocations
  1812 | D:3      | Found a runed translucent door.
  1813 | D:3      | Noticed Crazy Yiuf
  1906 | D:3      | Reached XP level 4. HP: 31/34 MP: 8/8
  2069 | D:3      | Noticed Sigmund
  2084 | D:3      | Killed Sigmund
  2085 | D:3      | Reached skill level 1 in Conjurations
  2085 | D:3      | Reached skill level 1 in Hexes
  2085 | D:3      | Reached skill level 1 in Summonings
  2085 | D:3      | Reached skill level 1 in Necromancy
  2085 | D:3      | Reached skill level 1 in Translocations
  2085 | D:3      | Reached skill level 1 in Transmutations
  2085 | D:3      | Reached skill level 1 in Fire Magic
  2085 | D:3      | Reached skill level 1 in Ice Magic
  2085 | D:3      | Reached skill level 1 in Earth Magic
  2085 | D:3      | Reached skill level 1 in Poison Magic
  2085 | D:3      | Reached XP level 5. HP: 23/41 MP: 8/10
  2085 | D:3      | Reached XP level 6. HP: 26/47 MP: 8/11
  2238 | D:3      | Found a faded altar of an unknown god.
  2699 | D:3      | Killed Crazy Yiuf
  2700 | D:3      | Reached skill level 5 in Dodging
  4125 | D:5      | Entered Level 5 of the Dungeon
  4205 | D:5      | Reached skill level 7 in Axes
  4205 | D:5      | Reached XP level 7. HP: 28/52 MP: 12/12
  5224 | D:5      | Found a snail-covered altar of Cheibriados.
  5673 | D:5      | Reached XP level 8. HP: 43/60 MP: 14/14
  5903 | D:5      | Noticed Blork the orc
  5909 | D:5      | Killed Blork the orc
  6096 | D:5      | Found Goaf's Weapon Emporium.
  6274 | D:5      | Noticed a hornet
  6275 | D:5      | Noticed a shadow
  6278 | D:5      | Paralysed by a hornet for 3 turns
  6280 | D:5      | HP: 2/61 [shadow (3)]
  6282 | D:5      | Succumbed to a hornet's poison

Illustrated notes

Levels and vault maps discovered:
D:1:      dpeg_arrival_arbitrary_b, layout_basic, feat_on_display
D:2:      layout_rooms
D:3:      layout_basic, chequers_ecumenical_altar_island, uniq_sigmund,
          uniq_crazy_yiuf_cottage
D:4:      layout_basic
D:5:      layout_gridville, mainiacjoe_overflow_catwalk, serial_shops,
          nicolae_shop_statue_plus, minmay_manual_macuahuitl, uniq_blork_the_orc

Skill      XL: |  1  2  3  4  5  6  7 |
---------------+----------------------+-----
Invocations    | 1 2 3 |  3.8
Short Blades   | 1 2 3 |  3.4
Long Blades    | 1 2 3 |  3.4
Maces & Flails | 1 2 3 |  3.4
Polearms       | 1 2 3 |  3.4
Staves         | 1 2 3 |  3.4
Ranged Weapons | 1 2 3 |  3.4
Throwing       | 1 2 3 |  3.4
Armour         | 1 2 3 |  3.4
Stealth        | 1 2 3 |  3.4
Shields        | 1 2 3 |  3.4
Unarmed Combat | 1 2 3 |  3.4
Evocations     | 1 2 3 |  3.4
Spellcasting   | 3 4 |  4.5
Fighting       | 3 4 |  4.3
Conjurations   | 1 2 |  2.8
Hexes          | 1 2 |  2.8
Summonings     | 1 2 |  2.8
Necromancy     | 1 2 |  2.8
Translocations | 1 2 |  2.8
Transmutations | 1 2 |  2.8
Fire Magic     | 1 2 |  2.8
Ice Magic      | 1 2 |  2.8
Earth Magic    | 1 2 |  2.8
Poison Magic   | 1 2 |  2.8
Dodging        | 5 |  5.8
Axes           | 7 |  7.4
Air Magic      | 6 |  6.2

Action                   |  1- 3 |  4- 6 |  7- 9 || total
-------------------------+-------+-------+-------++-------
Melee: Hand axe          |    75 |    28 |       ||   103
       Bite              |     6 |    11 |     6 ||    23
       Punch             |     1 |     2 |       ||     3
       Halberd           |       |   118 |   112 ||   230
 Cast: Shock             |     3 |       |       ||     3
Evoke: Wand              |       |       |     4 ||     4
  Use: Scroll            |       |     6 |       ||     6
       Potion            |       |       |     1 ||     1
Armor: Robe              |     1 |       |       ||     1
       Leather armour    |    15 |       |       ||    15
       Scale mail        |     3 |    57 |    49 ||   109
       Skin              |       |       |     2 ||     2
Dodge: Dodged            |    47 |    48 |    56 ||   151
